 Dungeon Crawl Stone Soup version 0.28.0-53-g5a82cb258f (webtiles) character file.

Game seed: 13653020626509929703

345 Zeld the Conjurer (level 6, -4/45 HPs)
             Began as a Draconian Conjurer on June 11, 2022.
             Killed by miscasting Iskenderun's Mystic Blast (12 damage)
             ... on level 5 of the Dungeon.
             The game lasted 00:03:01 (2636 turns).

Zeld the Conjurer (Draconian Conjurer)              Turns: 2636, Time: 00:03:02

Health: -4/45      AC:  6    Str: 10    XL:     6   Next: 32%
Magic:  1/12       EV: 12    Int: 20    God:
Gold:   132        SH:  0    Dex:  9    Spells: 2/13 levels left

rFire   . . .      SeeInvis .   k - +1 hand axe (flame)
rCold   . . .      Faith    .   (no shield)
rNeg    + . .      Spirit   .   (armour unavailable)
rPois   .          Reflect  .   (helmet restricted)
rElec   .          Harm     .   (no cloak)
rCorr   .          Rampage  .   (no gloves)
Will    .....                   (no boots)
Stlth   ++........              (no amulet)
HPRegen 0.15/turn               b - ring of positive energy
MPRegen 0.13/turn               (no ring)

@: very slightly contaminated
A: AC +6, unfitting armour, cold-blooded
a: no special abilities


You were on level 5 of the Dungeon.
You visited 1 branch of the dungeon, and saw 5 of its levels.

You collected 132 gold pieces.

Inventory:

Hand Weapons
 k - a +1 hand axe of flaming (weapon)
Jewellery
 b - a ring of positive energy (left hand)
Wands
 d - a wand of digging (6)
 i - a wand of iceblast (4)
Scrolls
 a - a scroll of fear {unknown}
 c - 6 scrolls of teleportation {unknown}
 e - a scroll of immolation {unknown}
 j - a scroll of fog {unknown}
Potions
 f - a potion of heal wounds {unknown}
 g - a potion of curing {unknown}
 h - a potion of resistance {unknown}
 l - a potion of mutation {unknown}
 m - a potion of brilliance {unknown}


   Skills:
 - Level 1.7 Dodging
 - Level 1.7 Stealth
 + Level 4.0 Spellcasting
 + Level 5.6 Conjurations
 - Level 2.0 Hexes
 - Level 2.0 Translocations


You had 2 spell levels left.
You knew the following spells:

 Your Spells              Type           Power      Damage    Failure   Level
a - Magic Dart            Conj           100%       1d8       1%          1
b - Searing Ray           Conj           52%        2d6       1%          2
c - Fulminant Prism       Conj/Hex       9%         3d7       26%         4
d - Iskenderun's Mystic   Conj/Tloc      19%        2d6       26%         4

Your spell library contained the following spells:

 Spells                   Type           Power      Damage    Failure   Level
 Shock                    Conj/Air       60%        1d6       4%          1
 Ensorcelled Hibernation  Hex/Ice        16%        N/A       13%         2
 Passwall                 Tmut/Erth      3%         N/A       19%         2
 Dazzling Flash           Conj/Hex       38%        N/A       9%          3
 Swiftness                Air            4%         N/A       36%         3
 Airstrike                Air            2%         N/A       77%         4
 Silence                  Hex/Air        4%         N/A       93%         5
 Agony                    Necr           4%         N/A       98%         5


Dungeon Overview and Level Annotations

Branches:
Dungeon (5/15)
 Temple: D:4-7

Altars:
Trog

Annotations:
D:5 Grinder, Menkaure


Innate Abilities, Weirdness & Mutations

Your plain brown scales are hard. (AC +6)
You cannot fit into any form of body armour.
You are cold-blooded and may be slowed by cold attacks.


Message History

You feel sick.
Menkaure casts a spell.
Menkaure seems to speed up.
Grinder says, "Tell me all your secrets, or I'll kill you."
You feel sick. The adder bites you.
You are more poisoned.
The adder poisons you! The adder closely misses you.
You feel sick. Grinder hits you.
You writhe in agony.
You feel sick. The adder barely misses you.
You hit the adder. You burn the adder.
The adder is severely wounded.
You feel sick. The adder misses you.
Unknown command.
You miss the adder. You barely miss the adder.
You feel sick.
The adder bites you but does no damage. x2
An orc comes into view. It is wielding a +0 whip.
The adder closely misses you. The adder barely misses you.
You miss the adder.
The orc shouts!
The orc wizard shouts!
You tail-slap the adder.
The adder is lightly wounded.
You miss the adder.
You feel sick. The adder bites you.
* * * LOW HITPOINT WARNING * * *
The adder closely misses you. x2; Grinder blinks!
You miss the adder.
The adder is lightly wounded.
You miss the adder.
You feel sick.
You are no longer poisoned.
The adder bites you but does no damage. The adder bites you.
* * * LOW HITPOINT WARNING * * *
The adder misses you.
Unknown command.
Okay, then.
Casting: Searing Ray (safe; 1% risk of failure)
Confirm with . or Enter, or press ? or * to list all spells.
The spell is quite dangerous to miscast (26% risk of failure)!
Continue anyway?
You miscast Iskenderun's Mystic Blast.
You are very lightly contaminated with residual magic.
Strange energies run through your body!
You die...

#.......o ..... #..
#..!##### #o.. #
..#####...# ##..#.#
[.........# #....
.......#..# #..#
.........5######)o#
.###o./..........?#
#S##o....#####.#
#.@SM.o........#
####.....#######
...M.......##
#########.## ###


You could see Grinder, Menkaure (fast), an orc wizard, 2 adders and 2 orcs.

Vanquished Creatures
  Edmund (D:4)
  A scorpion (D:4)
  A hound (D:4)
  Jessica (D:2)
  Natasha (twice) (D:4)
  A hound skeleton (D:5)
  2 adders
  A worm (D:4)
  2 orcs (D:4)
  5 endoplasms
  A giant cockroach (D:4)
  4 goblins
  5 hobgoblins
  A jackal (D:4)
  A kobold (D:4)
  A quokka (D:4)
  6 ball pythons
  A frilled lizard (D:3)
37 creatures vanquished.

Notes
Turn   | Place    | Note
-------+----------+-------------------------------------------
     0 | D:1      | Zeld the Draconian Conjurer began the quest for the Orb.
     0 | D:1      | Reached XP level 1. HP: 14/14 MP: 3/3
   381 | D:2      | Reached skill level 1 in Translocations
   381 | D:2      | Reached XP level 2. HP: 17/20 MP: 0/5
   384 | D:2      | Learned a level 2 spell: Searing Ray
   567 | D:2      | Noticed Jessica
   580 | D:2      | Killed Jessica
   581 | D:2      | Reached skill level 1 in Hexes
   581 | D:2      | Reached XP level 3. HP: 26/26 MP: 0/6
  1324 | D:4      | Reached XP level 4. HP: 21/33 MP: 0/7
  1469 | D:4      | Learned a level 4 spell: Fulminant Prism
  1739 | D:4      | Noticed Edmund
  1752 | D:4      | Killed Edmund
  1753 | D:4      | Reached skill level 5 in Conjurations
  1753 | D:4      | Reached XP level 5. HP: 22/38 MP: 1/10
  2001 | D:4      | Noticed Natasha
  2006 | D:4      | Killed Natasha
  2070 | D:4      | Reached XP level 6. HP: 33/45 MP: 2/11
  2084 | D:4      | Learned a level 4 spell: Iskenderun's Mystic Blast
  2267 | D:4      | Noticed Natasha
  2274 | D:4      | Killed Natasha
  2479 | D:5      | Entered Level 5 of the Dungeon
  2581 | D:5      | Noticed Grinder
  2598 | D:5      | Paralysed by Grinder for 3 turns
  2610 | D:5      | Found a bloodstained altar of Trog.
  2627 | D:5      | Noticed Menkaure
  2636 | D:5      | Killed by miscasting Iskenderun's Mystic Blast

Illustrated notes

Levels and vault maps discovered:
D:1:      dpeg_arrival_long_road, layout_basic,
          shapermc_ecumenical_altar_starsandcircs, minmay_tall_x
D:2:      layout_loops_corners, minmay_puff, uniq_jessica
D:3:      layout_basic, nicolae_uskayaw_murder_on_the_dancefloor,
          lemuel_zombie_altar_yredelemnul
D:4:      layout_rooms, st_stairs_7, minivault_25, moated_statue,
          minmay_joined_circles, uniq_edmund, uniq_natasha
D:5:      layout_loops_ring, lemuel_round_altar, grunt_temple_overflow_open,
          uniq_grinder, uniq_menkaure, uniq_eustachio

Skill      XL: |  1  2  3  4  5  6 |
---------------+-------------------+-----
Translocations | 1 2 |  2.0
Hexes          | 1 2 |  2.0
Spellcasting   | 3 4 |  4.0
Conjurations   | 5 |  5.6
Dodging        | |  1.7
Stealth        | |  1.7

Action                   |  1- 3 |  4- 6 || total
-------------------------+-------+-------++-------
Melee: Unarmed           |    22 |     1 ||    23
       Tailslap          |     8 |     2 ||    10
       Hand axe          |       |    21 ||    21
 Cast: Magic Dart        |    31 |    14 ||    45
       Searing Ray       |     3 |    11 ||    14
Evoke: Wand              |       |     1 ||     1
Armor: Skin              |     9 |    20 ||    29
Dodge: Dodged            |    35 |    40 ||    75
